 Dungeon Crawl Stone Soup version 0.20.1-1-g8b1a95d (webtiles) character file.

2549 Lennu the Slasher (level 9, -3/73 (75) HPs)
             Began as a Green Draconian Fighter on July 12, 2017.
             Slain by an orc warrior
             ... wielding a +0 hand axe
              (16 damage)
             ... on level 7 of the Dungeon.
             The game lasted 00:20:39 (8160 turns).

Lennu the Slasher (Green Draconian Fighter)         Turns: 8160, Time: 00:20:40

HP:   -3/73 (75)    AC:  8    Str: 16    XL:     9   Next: 30%
MP:   9/9           EV: 14    Int: 10    God:
Gold: 56            SH: 10    Dex: 16    Spells: 8/8 levels left

rFire    . . .     SeeInvis .   l - +2 rapier of the Lesser Evil {flame, Dex+3}
rCold    . . .     Gourm    .   b - +0 shield
rNeg     + . .     Faith    .   (armour unavailable)
rPois    +         Spirit   .   (helmet restricted)
rElec    .         Reflect  .   (no cloak)
rCorr    .         Harm     .   (no gloves)
MR       .....                  j - +0 pair of boots
Stlth    +++.......             (no amulet)
Regen    0.3/turn               q - ring of positive energy
MPRegen  0.2/turn               (no ring)

@: no status effects
A: breathe noxious fumes, unfitting armour, poison resistance, weak 1,
cold-blooded, AC +7
a: Breathe Noxious Fumes


You were on level 7 of the Dungeon.
You were hungry.

You visited 2 branches of the dungeon, and saw 8 of its levels.

You collected 308 gold pieces.
You spent 252 gold pieces at shops.

Inventory:

Hand Weapons
 a - a +0 long sword
 l - the +2 rapier of the Lesser Evil (weapon) {flame, Dex+3}
   (You bought it in a shop on level 5 of the Dungeon)

   It has been specially enchanted to burn those struck by it, causing extra
   injury to most foes and up to half again as much damage against particularly
   susceptible opponents.
   It affects your dexterity (+3).
Armour
 b - a +0 shield (worn)
 j - a +0 pair of boots (worn)
 o - a +0 shield
Jewellery
 q - a ring of positive energy (left hand)
Wands
 k - a wand of acid (8/15)
Scrolls
 h - 3 scrolls of remove curse
 p - 3 scrolls of teleportation
 s - a scroll of brand weapon {unknown}
 t - a scroll of enchant armour
 u - a scroll of fear
Potions
 c - a potion of curing {unknown}
 e - 2 potions of agility
 i - a potion of ambrosia {unknown}
 m - 2 potions of heal wounds
 n - a potion of haste {unknown}
 r - a potion of lignification {unknown}
Comestibles
 d - 4 bread rations
 f - 2 meat rations
 g - a fruit


   Skills:
 * Level 5.9 Fighting
 * Level 4.4(6.3) Short Blades
 - Level 7.1(7.7) Long Blades
 * Level 5.6 Dodging
 * Level 3.7 Stealth
 * Level 5.9 Shields


You had 8 spell levels left.
You didn't know any spells.

Dungeon Overview and Level Annotations

Branches:
Dungeon (7/15)             Temple (1/1) D:7

Altars:
Cheibriados
Dithmenos
Elyvilon
Fedhas
Gozag
Hepliaklqana
Kikubaaqudgha
Nemelex Xobeh
Qazlal
Ru
Sif Muna
Trog
Uskayaw
Vehumet
Xom
Yredelemnul
Zin
The Shining One

Shops:
D:5 (


Innate Abilities, Weirdness & Mutations

You can breathe blasts of noxious fumes.
Your lurid green scales are hard. (AC +7)
You cannot fit into any form of body armour.
Your system is resistant to poisons. (rPois)
You are cold-blooded and may be slowed by cold attacks.
You are weak. (Str -2)


Message History

The orc warrior hits you with a hand axe!
You hit the orc warrior but do no damage.
The orc warrior is moderately wounded.
The orc wizard gestures wildly while chanting.
The orc wizard blinks!
You puncture the orc warrior! You burn the orc warrior.
The orc warrior is severely wounded.
The orc warrior hits you with a hand axe!
You barely miss the orc warrior.
The orc warrior is severely wounded.
The orc warrior misses you.
You hit the orc warrior but do no damage.
You tail-slap the orc warrior, but do no damage.
The orc warrior is severely wounded.
The orc warrior hits you with a hand axe!!
* * * LOW HITPOINT WARNING * * *
You hit the orc warrior. You burn the orc warrior.
The orc warrior is severely wounded.
The orc warrior hits you with a hand axe!
You die...

.............#
####..######.########
.................
#.##.........####
#.........#
#.........#
#.........#
#####'###########
#.....o@ooo....
#.#.########### #.#.#
# #.# #.# #.# #.# #.


You could see an orc warrior, an orc wizard and 2 orcs.

Vanquished Creatures
  Sigmund (D:2)
  A hungry ghost (D:7)
  Menkaure (D:4)
  2 necrophages (D:7)
  A phantom (D:5)
  A centaur (D:5)
  5 ogres
  A bullfrog (D:6)
  A gnoll sergeant (D:5)
  A wyvern zombie (D:6)
  A scorpion (D:6)
  2 howler monkeys
  2 centaur zombies
  3 crimson imps
  A bullfrog zombie (D:5)
  4 hounds
  A jelly (D:7)
  A centaur skeleton (D:7)
  2 bullfrog skeletons (D:5)
  2 orc priests
  6 orc wizards
  5 worker ants
  A killer bee zombie (D:6)
  A hound skeleton (D:5)
  A worker ant zombie (D:5)
  11 gnolls
  6 adders
  A shadow imp (D:6)
  An ooze (D:1)
  An adder skeleton (D:5)
  An adder zombie (D:6)
  2 dart slugs
  A worm (D:6)
  3 leopard geckos
  12 orcs
  7 giant cockroaches
  A hobgoblin (D:1)
  4 kobolds
  2 quokkas
  3 ball pythons
  2 ball python skeletons (D:4)
  10 bats
  5 frilled lizards
  10 goblins
  2 goblin skeletons (D:6)
  A goblin zombie (D:6)
  6 hobgoblin zombies (D:6)
  A kobold skeleton (D:6)
  A leopard gecko skeleton (D:6)
  An orc skeleton (D:6)
  7 rats
150 creatures vanquished.

Notes
Turn   | Place    | Note
-------+----------+-------------------------------------------
     0 | D:1      | Lennu the Draconian Fighter began the quest for the Orb.
     0 | D:1      | Reached XP level 1. HP: 19/19 MP: 1/1
   238 | D:1      | Reached XP level 2. HP: 26/26 MP: 2/2
  1208 | D:2      | Noticed Sigmund
  1218 | D:2      | Killed Sigmund
  1218 | D:2      | Reached skill level 3 in Long Blades
  1218 | D:2      | Reached XP level 3. HP: 7/33 MP: 3/3
  1218 | D:2      | Reached XP level 4. HP: 9/40 MP: 4/4
  1218 | D:2      | Reached XP level 5. HP: 10/46 MP: 5/5
  1531 | D:2      | Found a deep blue altar of Sif Muna.
  1666 | D:2      | Reached skill level 1 in Stealth
  2402 | D:3      | Reached skill level 4 in Long Blades
  2421 | D:3      | Reached XP level 6. HP: 37/52 MP: 6/6
  2592 | D:3      | Gained mutation: You are resistant to hostile enchantments. (MR+) [potion of mutation]
  2592 | D:3      | Gained mutation: Scrolls take you a little longer to read. [potion of mutation]
  2592 | D:3      | Gained mutation: You passively map a small area around you. [potion of mutation]
  2931 | D:3      | Found a glowing silver altar of Zin.
  3285 | D:5      | Entered Level 5 of the Dungeon
  3299 | D:5      | Reached skill level 5 in Long Blades
  3576 | D:5      | Lost mutation: Scrolls take you a little longer to read. [potion of mutation]
  3576 | D:5      | Lost mutation: You are resistant to hostile enchantments. (MR+) [potion of mutation]
  3576 | D:5      | Lost mutation: You passively map a small area around you. [potion of mutation]
  3576 | D:5      | Gained mutation: You are occasionally teleported next to monsters. [potion of mutation]
  3576 | D:5      | Gained mutation: Your body sometimes deteriorates upon taking damage. [potion of mutation]
  3576 | D:5      | Gained mutation: You possess an exceptional clarity of mind. [potion of mutation]
  3576 | D:5      | Gained mutation: Your spells are a little harder to cast, but a little more powerful. [potion of mutation]
  3577 | D:5      | Lost mutation: You possess an exceptional clarity of mind. [potion of mutation]
  3577 | D:5      | Lost mutation: You are occasionally teleported next to monsters. [potion of mutation]
  3577 | D:5      | Lost mutation: Your body sometimes deteriorates upon taking damage. [potion of mutation]
  3577 | D:5      | Lost mutation: Your spells are a little harder to cast, but a little more powerful. [potion of mutation]
  3577 | D:5      | Gained mutation: You are weak. (Str -2) [potion of mutation]
  3577 | D:5      | Gained mutation: Your system is resistant to poisons. (rPois) [potion of mutation]
  3789 | D:4      | Your scales start taking on a lurid green colour.
  3789 | D:4      | Reached XP level 7. HP: 40/60 MP: 7/7
  3789 | D:4      | Mutation became permanent: Your system is resistant to poisons. (rPois) [Green Draconian growth]
  3789 | D:4      | Gained mutation: Your system is resistant to poisons. (rPois) [Green Draconian growth]
  3952 | D:4      | Noticed Menkaure
  3965 | D:4      | Killed Menkaure
  5218 | D:5      | Reached skill level 6 in Long Blades
  5259 | D:5      | Found Cexzy's Antique Weapon Shop.
  5338 | D:5      | Reached skill level 5 in Fighting
  5370 | D:5      | Reached XP level 8. HP: 41/68 MP: 8/8
  5773 | D:5      | Reached skill level 5 in Shields
  5893 | D:5      | Found a hazy altar of Hepliaklqana.
  5910 | D:5      | Reached skill level 7 in Long Blades
  5991 | D:5      | Reached skill level 5 in Dodging
  6259 | D:5      | Bought a steaming rapier for 252 gold pieces
  6259 | D:5      | Identified the +2 rapier of the Lesser Evil {flame, Dex+3} (You bought it in a shop on level 5 of the Dungeon)
  6400 | D:6      | Reached skill level 1 in Short Blades
  6549 | D:6      | Found a glowing golden altar of the Shining One.
  6951 | D:6      | Found a basalt altar of Yredelemnul.
  7149 | D:6      | Reached XP level 9. HP: 75/75 MP: 9/9
  7602 | D:7      | Found a staircase to the Ecumenical Temple.
  7612 | Temple   | Entered the Ecumenical Temple
  8160 | D:7      | Slain by an orc warrior

Skill      XL: |  1  2  3  4  5  6  7  8  9 |
---------------+----------------------------+-----
Fighting       | 4 5 |  5.9
Long Blades    | 3 4 5 6 7 |  7.1
Dodging        | 3 4 5 |  5.6
Stealth        | 1 2 3 |  3.7
Shields        | 4 5 |  5.9
Short Blades   | 2 4 |  4.4

Action                   |  1- 3 |  4- 6 |  7- 9 || total
-------------------------+-------+-------+-------++-------
Melee: Long sword        |    55 |   172 |   199 ||   426
       Tailslap          |     4 |    20 |    67 ||    91
       Rapier            |       |       |   213 ||   213
 Abil: Breathe Noxious F |       |       |     5 ||     5
  Use: Potion            |     2 |     4 |       ||     6
       Scroll            |       |     4 |     4 ||     8
 Stab: Sleeping          |     1 |     1 |     4 ||     6
       Distracted        |       |       |     2 ||     2
       Confused          |       |       |     1 ||     1
  Eat: Chunk             |     1 |     7 |    13 ||    21
       Meat ration       |       |       |     1 ||     1
Armor: Skin              |    21 |    47 |    96 ||   164
Dodge: Dodged            |    27 |    77 |   181 ||   285
Block: Shield            |    31 |    81 |   164 ||   276
       Rpst.: Long sword |     4 |    17 |    25 ||    46
